 Dungeon Crawl Stone Soup version 0.22-a0-292-g0df9d5f (webtiles) character file.

4 Amnesiac the Vexing (level 1, 0/10 HPs)
             Began as a Deep Elf Enchanter on Mar 23, 2018.
             Slain by a kobold
             ... wielding a +0 dagger
              (1 damage)
             ... on level 1 of the Dungeon.
             The game lasted 00:00:40 (124 turns).

Amnesiac the Vexing (Deep Elf Enchanter)             Turns: 124, Time: 00:00:42

Health: 0/10       AC:  2    Str:  5    XL:     1   Next: 58%
Magic:  4/6        EV: 13    Int: 19    God:
Gold:   24         SH:  0    Dex: 15    Spells: 5/6 levels left

rFire    . . .     SeeInvis .   a - +1 dagger
rCold    . . .     Gourm    .   (no shield)
rNeg     . . .     Faith    .   b - +0 robe
rPois    .         Spirit   .   (no helmet)
rElec    .         Reflect  .   (no cloak)
rCorr    .         Harm     .   (no gloves)
MR       .....                  (no boots)
Stlth    +++.......             (no amulet)
HPRegen  0.03/turn              (no ring)
MPRegen  0.10/turn              (no ring)

@: very slightly contaminated
A: no striking features
a: no special abilities


You were on level 1 of the Dungeon.
You were not hungry.

You visited 1 branch of the dungeon, and saw 1 of its levels.

You collected 24 gold pieces.

Inventory:

Hand Weapons
 a - a +1 dagger (weapon)
Armour
 b - a +0 robe (worn)
Scrolls
 c - 2 scrolls of identify {!r, unknown}
Comestibles
 d - 2 rations
 f - a chunk of flesh


   Skills:
 * Level 1.4 Short Blades
 - Level 2.4 Dodging
 + Level 3.8 Stealth
 - Level 3.0 Spellcasting
 - Level 4.0 Hexes


You had 5 spell levels left.
You knew the following spells:

 Your Spells              Type           Power        Failure   Level  Hunger
a - Corona                Hex            ###....      3%          1    None


Dungeon Overview and Level Annotations

Branches:
Dungeon (1/15)

Altars:


Message History

You hit the goblin.
The goblin is moderately wounded.
The goblin hits you but does no damage.
A leopard gecko comes into view.
You closely miss the goblin.
The goblin is moderately wounded.
The leopard gecko moves out of view.
The goblin hits you with a club.
A kobold comes into view. It is wielding a dagger.
The kobold shouts!
You hit the goblin.
You kill the goblin!
The kobold throws a stone.
The stone misses you.
Things that are here:
a stone; a club The kobold throws a stone.
The stone hits you but does no damage.
The kobold throws a stone.
The stone barely misses you.
The kobold throws a stone.
The stone barely misses you.
You see here 2 stones.
You see here 20 arrows.
A bat comes into view.
The leopard gecko barely misses you. The leopard gecko bites you.
Casting: Corona (safe; 3% risk of failure)
Confirm with . or Enter, or press ? or * to list all spells.
Aiming: Corona (safe; 3% risk of failure)
Press: ? - help, Shift-Dir - straight line, f - leopard gecko
Aim: a leopard gecko (clinging, chance to defeat MR: 73%)
The leopard gecko is outlined in light.
The leopard gecko closely misses you.
You barely miss the leopard gecko. The leopard gecko bites you.
* * * LOW HITPOINT WARNING * * *
You hit the leopard gecko.
The leopard gecko is heavily wounded.
The leopard gecko misses you.
You barely miss the leopard gecko.
The leopard gecko is heavily wounded.
The leopard gecko closely misses you. The leopard gecko barely misses you.
You barely miss the leopard gecko.
The leopard gecko is moderately wounded.
The leopard gecko barely misses you.
You hit the leopard gecko.
The leopard gecko is heavily wounded.
The leopard gecko bites you.
* * * LOW HITPOINT WARNING * * *
You hit the leopard gecko.
The leopard gecko is almost dead.
The leopard gecko misses you.
You hit the leopard gecko.
You kill the leopard gecko!
Casting: Corona (safe; 3% risk of failure)
Confirm with . or Enter, or press ? or * to list all spells.
Aiming: Corona (safe; 3% risk of failure)
Press: ? - help, Shift-Dir - straight line, f - kobold
Aim: a kobold, wielding a dagger (chance to defeat MR: 73%)
You miscast Corona.
You are very lightly contaminated with residual magic.
Nothing appears to happen.
The kobold hits you but does no damage.
Unknown command.
Casting: Corona (safe; 3% risk of failure)
Confirm with . or Enter, or press ? or * to list all spells.
Aiming: Corona (safe; 3% risk of failure)
Press: ? - help, Shift-Dir - straight line, f/p - kobold
Aim: a kobold, wielding a dagger (chance to defeat MR: 73%)
The kobold is outlined in light.
The kobold hits you with a dagger.
You die...

################
#.........#.....
#.........#.....
#.........'..... ####
#...############
.b######...#.....'....#
#.#..K@#...#.....'....#
#.#####.#.####...#.....'....#
............##...#...###....#
#..####.#.#.##...#...#<##''##
#..# #.#....#'''#'###'##...#
###..#
#.##รท..#...#...#..'...# ....#
#.#......###...#..'...# #..#
#..........#...########
##..####K#.....####......'....


You could see a kobold.

Vanquished Creatures
  A leopard gecko (D:1)
  A bat (D:1)
  A goblin (D:1)
3 creatures vanquished.

Notes
Turn   | Place    | Note
-------+----------+-------------------------------------------
     0 | D:1      | Amnesiac the Deep Elf Enchanter began the quest for the Orb.
     0 | D:1      | Reached XP level 1. HP: 10/10 MP: 6/6
   124 | D:1      | Slain by a kobold

Vault maps used:
D:1:      minmay_arrival_widening_spiral_wide

Action                   || total
-------------------------++-------
Melee: Dagger            ||    11
 Cast: Corona            ||     3
 Stab: Sleeping          ||     1
Dodge: Dodged            ||    11

Table legend:
 A = Spawn XP
 B = Non-spawn XP
 C = Spawn XP percentage of total XP
 D = Spawn monster count
 E = Non-spawn monster count
 F = Spawn count percentage of total count
 G = Total turns spent on level
                    A         B        C        D         E        F      G
               +---------+---------+-------+---------+---------+-------+---------
         Total |       0 |       7 |   0.0 |       0 |       3 |   0.0 |   124
               +---------+---------+-------+---------+---------+-------+---------
           D:1 |       0 |       7 |   0.0 |       0 |       3 |   0.0 |   124
               +---------+---------+-------+---------+---------+-------+---------
